 Dungeon Crawl Stone Soup version 0.16-a0-148-g3b84123 (webtiles) character file.

3416 Sachiko the Grappler (level 9, 0/88 HPs)
             Began as a Troll Monk on Aug 16, 2014.
             Slain by a wolf (10 damage)
             ... led by Grum
             ... on Level 8 of the Dungeon.
             The game lasted 00:24:37 (6077 turns).

Sachiko the Grappler (Troll Monk)                   Turns: 6077, Time: 00:24:37

HP   0/88        AC  8     Str 24      XL: 9   Next: 76%
MP   4/4         EV 12     Int  6      God:
Gold 143         SH  0     Dex 12      Spells:  0 memorised,  8 levels left

rFire  + . .     SeeInvis .       - Unarmed
rCold  . . .     Clarity  .     a - +0 robe (curse)
rNeg   . . .     rCorr    .     (shield restricted)
rPois  .         rRot     .     D - +0 hat
rElec  .         Spirit   .     k - +2 cloak (curse)
SustAb .         Warding  .     (gloves unavailable)
rMut   .         Stasis   .     (boots unavailable)
Gourm  +                        H - amulet of rage
MR     .....                    j - cursed ring of protection from fire
                                i - cursed ring of stealth

@: not resistant to hostile enchantments, unstealthy
A: unfitting armour, claws 3, fast metabolism 3, gourmand, regeneration 2,
saprovore 2, shaggy fur 1, tough skin 2
a: Evoke Berserk Rage


You were on level 8 of the Dungeon.
You were very full.

You visited 1 branch of the dungeon, and saw 8 of its levels.
You also visited: Ossuary.

You collected 437 gold pieces.
You spent 294 gold pieces at shops.

Inventory:

Armour
 a - a cursed +0 robe (worn)
 k - a cursed +2 cloak (worn)
 D - a +0 hat (worn)
Magical devices
 l - a wand of fireball (3)
 t - a wand of flame (9)
 v - a wand of confusion (18)
 z - a wand of disintegration (10)
Comestibles
 b - 4 meat rations
 f - 10 beef jerkies
 g - 6 bread rations
 o - a slice of pizza
 A - 3 rotting chunks of jackal flesh
 B - a chunk of giant gecko flesh
 G - a rotting chunk of iguana flesh
 I - a rotting chunk of orc flesh
Scrolls
 c - 5 scrolls of identify
 d - 2 scrolls of noise
 h - 7 scrolls of remove curse
 m - 4 scrolls of enchant weapon
 n - a scroll of blinking
 s - 3 scrolls of teleportation
 y - a scroll of fear
Jewellery
 i - a cursed ring of stealth (left claw)
 j - a cursed ring of protection from fire (right claw)
 H - an amulet of rage (around neck)
Potions
 e - 4 potions of cancellation
 p - a potion of flight
 q - a potion of brilliance
 r - 5 potions of curing
 u - 2 potions of berserk rage
 w - a potion of porridge
 x - 2 potions of haste
 C - 2 potions of degeneration


   Skills:
 + Level 5.5 Fighting
 + Level 6.7 Dodging
 - Level 1.1 Stealth
 * Level 10.8 Unarmed Combat
 + Level 0.2 Evocations


You had 8 spell levels left.
You didn't know any spells.

Dungeon Overview and Level Annotations

Branches:
Dungeon (8/15)             Temple (0/1) D:4
   Lair: D:8-11

Altars:
Ashenzari
Cheibriados
Elyvilon
Nemelex Xobeh
Sif Muna
Vehumet
Zin
The Shining One

Shops:
D:7 ?

Annotations:
D:3 Terence
D:8 Grum


Innate Abilities, Weirdness & Mutations

You are too large for most types of armour.
You have claws for hands.
Your metabolism is lightning-fast.
You like to eat raw meat.
You heal very quickly.
You can eat rotten meat.
You are covered in fur (AC +1).
You have very tough skin (AC +2).


Message History

The wolf misses you.
Grum says, "What's my secret?
I feed my dogs Trolls.
It makes their fur nice and shiny."
Grum hits you from afar with a runed spear!
You closely miss the wolf.
The wolf is heavily wounded.
The wolf bites you. The wolf misses you. The wolf misses you.
The wolf barely misses you. x3
You mangle the wolf!!
You kill the wolf!
Grum hits you from afar with a runed spear!
The wolf barely misses you. x2
You barely miss the wolf. Your punch misses the wolf.
The wolf closely misses you. The wolf bites you!
Grum hits you from afar with a runed spear!
* * * LOW HITPOINT WARNING * * *
The wolf bites you!
* * * LOW HITPOINT WARNING * * *
You are too injured to fight recklessly!
The wolf bites you!
You die...

..# #...........#...#........#..
..# #...........'...+........+..
'#######...###.###..##........#..
...#.###...###.###..#....##+###'#
...#................#.hg.#.......
...'................+....'.......
...#+###..###.###...#....#...###+
.......#..###+###...#..$.#'####..
.......#........@h%g'....#.g.....
.......#.........h..#....#...%...
.......+......####+##....#.......
.......#'####+#... .....#.......
.................. ......#.......
'####+#............ .....+.!.....
..#...'............ ....#.......
..#...#............ ....#.......
..'...#........... . #.......


You could see Grum and 2 wolves.

Vanquished Creatures
  An ugly thing (D:8)
  2 wolves (D:8)
  2 orc warriors
  An ice beast (D:6)
  2 phantoms
  An ogre (D:7)
  Sigmund (D:6)
  Duvessa (D:7)
  2 centaurs (D:6)
  An elf zombie (D:7)
  3 giant frogs
  2 scorpions
  2 elf skeletons (D:7)
  4 wights (D:7)
  4 crimson imps
  A quasit (D:6)
  2 jellies (D:6)
  Dowan (D:7)
  2 human zombies (D:7)
  A centaur skeleton (D:5)
  Crazy Yiuf (D:3)
  An orc priest (D:6)
  2 hounds
  3 iguanas
  4 orc wizards
  2 human skeletons (D:7)
  10 worker ants
  An ogre zombie (D:7)
  An ogre skeleton (D:4)
  A hound zombie (D:6)
  4 mummies
  6 adders
  3 gnolls
  A shadow imp (D:7)
  2 worms
  2 adder zombies (Ossuary)
  5 giant geckos
  An ooze (D:1)
  23 orcs
  A bat zombie (D:6)
  3 giant cockroaches (D:1)
  8 hobgoblins
  4 jackals (D:8)
  2 ball pythons
  13 bats
  4 giant newts
  8 goblins
  A goblin zombie (Ossuary)
  3 hobgoblin zombies (Ossuary)
  A jackal skeleton (D:4)
  6 kobolds
  A kobold skeleton (D:4)
  5 kobold zombies (Ossuary)
  4 orc skeletons (D:7)
  An orc zombie (Ossuary)
  2 quokkas
  3 quokka zombies (Ossuary)
  12 rats
  3 rat zombies (Ossuary)
  4 ballistomycetes
198 creatures vanquished.

Vanquished Creatures (collateral kills)
  A scorpion (D:5)
  A bat (D:5)
2 creatures vanquished.

Vanquished Creatures (others)
  2 giant spores
2 creatures vanquished.

Grand Total: 202 creatures vanquished

Notes
Turn   | Place    | Note
--------------------------------------------------------------
     0 | D:1      | Sachiko, the Troll Monk, began the quest for the Orb.
     0 | D:1      | Reached XP level 1. HP: 22/22 MP: 1/1
   186 | D:1      | Reached XP level 2. HP: 29/29 MP: 1/1
   737 | D:2      | Reached XP level 3. HP: 33/36 MP: 2/2
   941 | D:2      | Found a sparkling altar of Nemelex Xobeh.
  1182 | D:3      | Noticed Terence
  1196 | D:3      | HP: 1/36 [Terence/wand of magic darts (2)]
  1382 | D:3      | Reached skill level 5 in Unarmed Combat
  1382 | D:3      | Reached XP level 4. HP: 37/44 MP: 2/2
  1548 | D:3      | Noticed Crazy Yiuf
  1574 | D:3      | Killed Crazy Yiuf
  1680 | D:3      | Reached XP level 5. HP: 53/53 MP: 2/2
  2078 | D:4      | Reached skill level 6 in Unarmed Combat
  2078 | D:4      | Reached XP level 6. HP: 35/61 MP: 3/3
  2191 | D:4      | Gained mutation: You are dopey. (Int -2) [potion of mutation]
  2191 | D:4      | Gained mutation: Your body is slowly deteriorating. [potion of mutation]
  2191 | D:4      | Gained mutation: Your system is resistant to poisons. [potion of mutation]
  2376 | D:4      | Found a staircase to the Ecumenical Temple.
  2668 | D:4      | Found a deep blue altar of Sif Muna.
  2695 | D:5      | Entered Level 5 of the Dungeon
  2807 | D:5      | Found a shattered altar of Ashenzari.
  2810 | D:5      | Found a snail-covered altar of Cheibriados.
  2911 | D:5      | Reached XP level 7. HP: 67/67 MP: 3/3
  3029 | D:5      | Reached skill level 7 in Unarmed Combat
  3391 | D:6      | Lost mutation: You are dopey. (Int -2) [potion of cure mutation]
  3391 | D:6      | Lost mutation: Your body is slowly deteriorating. [potion of cure mutation]
  3391 | D:6      | Lost mutation: Your system is resistant to poisons. [potion of cure mutation]
  3515 | D:6      | Reached XP level 8. HP: 63/78 MP: 3/3
  3544 | D:6      | Reached skill level 8 in Unarmed Combat
  3822 | D:6      | Reached skill level 5 in Dodging
  3846 | D:6      | Noticed Sigmund
  3856 | D:6      | Killed Sigmund
  4079 | D:7      | Found a glowing silver altar of Zin.
  4084 | D:7      | Found a white marble altar of Elyvilon.
  4099 | D:7      | Found a glowing golden altar of the Shining One.
  4109 | D:7      | Noticed Duvessa
  4111 | D:7      | Noticed Dowan
  4130 | D:7      | Killed Dowan
  4137 | D:7      | Killed Duvessa
  4203 | D:7      | Found a radiant altar of Vehumet.
  4241 | D:7      | Reached skill level 9 in Unarmed Combat
  4269 | D:7      | Found Briosm's Magic Scroll Shoppe.
  4277 | D:7      | Bought a scroll of teleportation for 36 gold pieces
  4277 | D:7      | Bought a scroll of teleportation for 36 gold pieces
  4277 | D:7      | Bought a scroll of identify for 24 gold pieces
  4277 | D:7      | Bought a scroll of blinking for 90 gold pieces
  4277 | D:7      | Bought a scroll of remove curse for 36 gold pieces
  4277 | D:7      | Bought a scroll of teleportation for 36 gold pieces
  4277 | D:7      | Bought a scroll of remove curse for 36 gold pieces
  4729 | D:7      | Reached XP level 9. HP: 85/85 MP: 4/4
  4752 | D:7      | Found a sand-covered staircase.
  4815 | Ossuary  | Entered an ossuary
  5090 | D:7      | Reached skill level 5 in Fighting
  5534 | D:8      | Noticed a purple ugly thing
  5550 | D:8      | Killed a purple ugly thing
  5550 | D:8      | Reached skill level 10 in Unarmed Combat
  5751 | D:8      | Identified a scroll of acquirement
  5844 | D:8      | Noticed Grum
  6077 | D:8      | Slain by a wolf

Action                   |  1- 3 |  4- 6 |  7- 9 || total
-------------------------+-------+-------+-------++-------
Melee: Unarmed           |    91 |   124 |   425 ||   640
Evoke: Wand              |       |     2 |     6 ||     8
  Use: Scroll            |     4 |     7 |     7 ||    18
       Potion            |     3 |     5 |     5 ||    13
 Stab: Sleeping          |     3 |     2 |     4 ||     9
       Distracted        |       |       |     1 ||     1
  Eat: Chunk             |    14 |    17 |    29 ||    60
       Beef jerky        |       |       |     1 ||     1
